 Dungeon Crawl Stone Soup version 0.31-a0-321-g19405a7a6a (webtiles) character file.

Game seed: 3865456168057301677

41 cforsyth the Ruffian (level 3, 0/28 HPs)
             Began as a Vampire Shapeshifter on July 18, 2023.
             Slain by a hobgoblin (5 damage)
             ... led by Robin
             ... on level 2 of the Dungeon.
             The game lasted 00:01:05 (976 turns).

cforsyth the Ruffian (Vampire Shapeshifter)          Turns: 976, Time: 00:01:05

Health: 0/28       AC:  2    Str: 16    XL:     3   Next: 32%
Magic:  3/3        EV: 12    Int: 10    God:
Gold:   56         SH:  0    Dex: 14    Spells: 2/2 levels left

rFire   . .          .
                       - Unarmed
rCold   . . .        (no shield)
rNeg    . . .        a - +0 animal skin
rPois   .            (helmet currently unavailable)
rElec   .            (cloak currently unavailable)
rCorr   .            (gloves currently unavailable)
SInv    +            (boots currently unavailable)
Will    .....        (no amulet)
Stlth   +            (no ring)
HPRegen 0.44/turn    (no ring)
MPRegen 0.08/turn

%: no passive effects
@: beast-form, healing quickly
A: beast (slay +2), alive, fangs 3, see invisible, vampiric 2
a: Exsanguinate, Begin Untransformation


You were on level 2 of the Dungeon.
You were a hulking beast.
You visited 1 branch of the dungeon, and saw 2 of its levels.

You collected 56 gold pieces.

Inventory:

Armour
 a - a +0 animal skin (worn)
Jewellery
 d - a ring of flight
 i - a ring of magical power
Talismans
 c - a beast talisman
Scrolls
 e - 2 scrolls of teleportation {unknown}
 g - a scroll of vulnerability {unknown}
Potions
 b - a potion of lignification
 f - a potion of degeneration {unknown}
 h - 2 potions of might {unknown}


   Skills:
 + Level 2.7 Fighting
 - Level 2.1 Dodging
 + Level 3.3 Unarmed Combat
 - Level 3.2 Shapeshifting


You had 2 spell levels left.
You didn't know any spells.
Your spell library contained the following spells:

 Spells                   Type           Power      Damage    Failure   Level
 Sublimation of Blood     Necr           0%         N/A       50%         2
 Wereblood                Tmut           0%         N/A       50%         2
 Summon Hydra             Summ           0%         N/A       100%        7


Dungeon Overview and Level Annotations

Branches:
Dungeon (2/15)

Altars:

Annotations:
D:2 Robin


Innate Abilities, Weirdness & Mutations

You are a hulking beast.
Your limbs bulge with bestial killing power. (Slay +2)
Your natural rate of healing is accelerated.
You have razor-sharp teeth.
You have supernaturally acute eyesight. (SInv)
You are afflicted with vampirism and can become a bat while bloodless.


Message History

HP restored.
You climb downwards.
Level annotation: Robin The goblin shoots a sling bullet.
The sling bullet misses you.
There is a stone staircase leading up here.
You can't go down here!
The goblin unwields a +0 sling.
The goblin wields a +0 club.
The goblin hits you with a +0 club.
You closely miss the goblin. The goblin hits you with a +0 club.
You hit the goblin but do no damage. The goblin hits you but does no damage.
You punch the goblin!
You kill the goblin!
The goblin closely misses you.
You hit the hobgoblin but do no damage. The goblin closely misses you.
You punch the hobgoblin!
You kill the hobgoblin!
The hobgoblin hits you. The goblin misses you.
You hit Robin.
Robin is lightly wounded.
The hobgoblin hits you but does no damage.
The goblin closely misses you.
Robin roars a battlecry!
The goblins go into a battle-frenzy!
You hit Robin but do no damage.
Robin is lightly wounded.
The hobgoblin hits you! The goblin hits you with a +0 club.
Robin throws the goblin at you!
You hit Robin.
Robin is moderately wounded.
The goblin hits you with a +0 club. The hobgoblin hits you.
* * * LOW HITPOINT WARNING * * *
Robin hits you with a +0 falchion.
* * * LOW HITPOINT WARNING * * *
You are too injured to fight recklessly!
You are too injured to fight recklessly!
You are too injured to fight recklessly!
The goblin misses you. The hobgoblin misses you.
There is a stone staircase leading up here.
The hobgoblin hits you.
You die...

######.#.#.g.######
#######.)..g.#.###.#
#..........g##....g###
#...[....g..##.###grg##
#......g....##.##...g)##
#...........##.##....gg#
#######'######.##.....)gg..
####)#########.....#w...
#...g)gh.# #.[...#....
#.....gg.# #.....#....
#........# #.....#..##
#........# ########w.
#........# ..# #........#
#.....<..# #........#


You could see Robin, 2 hobgoblins and a goblin (strong).

Vanquished Creatures
  An adder (D:2)
  2 ball pythons
  2 bats
  4 endoplasms
  2 giant cockroaches (D:1)
  8 goblins
  3 hobgoblins
  2 kobolds (D:1)
  3 frilled lizards (D:1)
27 creatures vanquished.

Notes
Turn   | Place    | Note
-------+----------+-------------------------------------------
     0 | D:1      | cforsyth the Vampire Shapeshifter began the quest for the
                  | Orb.
     0 | D:1      | Reached XP level 1. HP: 16/16 MP: 1/1
   228 | D:1      | Reached XP level 2. HP: 14/22 MP: 2/2
   834 | D:2      | Gained mutation: You are afflicted with vampirism and can
                  | become a bat while bloodless. [Vampire growth]
   834 | D:2      | Reached XP level 3. HP: 28/28 MP: 3/3
   884 | D:2      | Noticed Robin
   976 | D:2      | Slain by a hobgoblin

Illustrated notes

Levels and vault maps discovered:
D:1:      dpeg_arrival_central, layout_basic
D:2:      layout_basic, uniq_natasha, uniq_robin

Skill      XL: |  1  2 |
---------------+-------+-----
Fighting       | 2 |  2.7
Unarmed Combat | 3 |  3.3
Dodging        | |  2.1
Shapeshifting  | |  3.2

Action                     || total
---------------------------++-------
  Melee: Unarmed           ||    64
         Bite              ||     3
         Punch             ||     1
   Stab: Sleeping          ||     1
 Armour: Animal skin       ||    15
  Dodge: Dodged            ||    56

Table legend: (Time is in decaauts)
 A = Elapsed time spent in this place.
 B = Non-inter-level travel time spent in this place.
 C = Inter-level travel time spent in this place.
 D = Time resting spent in this place.
 E = Time spent auto-exploring this place.
 F = Levels seen in this place.
 G = Mean time per level.
                   A        B        C        D        E       F      G
               +--------+--------+--------+--------+--------+-----+--------+
         Total |    973 |    957 |     16 |     45 |    743 |   2 |  486.5 |
       Dungeon |    973 |    957 |     16 |     45 |    743 |   2 |  486.5 |
               +--------+--------+--------+--------+--------+-----+--------+

Top non-repeatable levels by time:
     D:1: 759 daAuts
     D:2: 213 daAuts
